 Dungeon Crawl Stone Soup version 0.30-a0-862-g1aabd4f9c5 (webtiles) character file.

Game seed: 12507700977904310704

464 Sobieck the Ruffian (level 7, -4/60 HPs)
             Began as a Ghoul Fighter on Mar 8, 2023.
             Was an Initiate of Wu Jian.
             Killed from afar by an orc wizard (11 damage)
             ... with a puff of flame
             ... on level 5 of the Dungeon.
             The game lasted 00:07:51 (3549 turns).

Sobieck the Ruffian (Ghoul Fighter)                 Turns: 3549, Time: 00:07:52

Health: -4/60      AC:  6    Str: 22    XL:     7   Next: 7%
Magic:  6/6        EV:  9    Int:  9    God:    Wu Jian [......]
Gold:   273        SH:  4    Dex:  8    Spells: 6/6 levels left

rFire   . . .      SeeInvis .      - Unarmed
rCold   + + .      Faith    .    m - +0 buckler
rNeg    + + +      Spirit   .    a - +0 scale mail
rPois   ∞          Reflect  .    (no helmet)
rElec   .          Rampage  .    (no cloak)
rCorr   .                        (no gloves)
Will    .....                    (no boots) Stlth
                                 (no amulet)
HPRegen 0.00/turn                A - ring of protection from cold
MPRegen 0.10/turn                F - +6 ring of intelligence

@: inhibited regen
A: claws 1, cold resistance 1, negative energy resistance 3, inhibited
regeneration, torment resistance 2, devour on kill
a: Renounce Religion


You were on level 5 of the Dungeon.
You worshipped Wu Jian.
Wu Jian was noncommittal.
You visited 2 branches of the dungeon, and saw 6 of its levels.

You collected 273 gold pieces.


Innate Abilities, Weirdness & Mutations

You are immune to poison.
You have sharp fingernails.
Your flesh is cold resistant. (rC+)
You are immune to negative energy. (rN+++)
You do not regenerate when monsters are visible.
You are immune to unholy pain and torment.
You thrive by killing the living.


   Skills:
 + Level 4.7 Fighting
 - Level 2.6 Armour
 - Level 2.6 Shields
 + Level 7.3 Unarmed Combat


You had 6 spell levels left.
You didn't know any spells.
Your spell library contained the following spells:

 Spells                   Type           Power      Damage    Failure   Level
 Slow                     Hex            0%         N/A       82%         1
 Confusing Touch          Hex            0%         N/A       99%         3
 Ozocubu's Armour         Ice            0%         N/A       99%         3
 Vampiric Draining        Necr           0%         2d6       99%         3
 Ozocubu's Refrigeration  Ice            0%         4d7       100%        7

Inventory:

Hand Weapons
 b - a +2 sling of flaming
   (You found it on level 1 of the Dungeon)
 i - a +0 hand axe of electrocution {axe}
   (You found it on level 1 of the Dungeon)
 j - a +0 sling
   (You found it on level 1 of the Dungeon)
 k - a +0 club {mace}
   (You took it off a goblin on level 1 of the Dungeon)
Missiles
 n - 24 stones {throwing}
 w - 18 poisoned darts {throwing}
 M - 3 boomerangs {throwing}
Armour
 a - a +0 scale mail (worn)
 d - a +0 leather armour
   (You found it on level 4 of the Dungeon)
 g - a +0 ring mail
   (You found it on level 1 of the Dungeon)
 m - a +0 buckler (worn)
 q - a +0 chain mail
   (You found it on level 2 of the Dungeon)
 t - a +0 leather armour
   (You found it on level 2 of the Dungeon)
 u - a +0 ring mail
   (You found it on level 2 of the Dungeon)
 y - a +0 chain mail
   (You found it on level 3 of the Dungeon)
 z - the +1 robe of Noon {rElec Dex+2}
   (You found it on level 4 of the Dungeon)

   Dex:       It affects your dexterity (+2).
   rElec:     It insulates you from electricity.
 B - a +0 robe
   (You found it on level 3 of the Dungeon)
 C - a +0 robe
   (You found it on level 4 of the Dungeon)
 E - a +0 ring mail
   (You took it off an orc on level 3 of the Dungeon)
 L - a +0 scale mail
   (You found it on level 5 of the Dungeon)
Magical Staves
 I - a staff of fire {!astaff}
   (You found it on level 4 of the Dungeon)
Jewellery
 s - a +6 ring of dexterity
   (You found it on level 4 of the Dungeon)
 A - a ring of protection from cold (left claw)
   (You found it on level 3 of the Dungeon)
 F - a +6 ring of intelligence (right claw)
   (You found it on level 3 of the Dungeon)
Scrolls
 l - a scroll of immolation {unknown}
 p - a scroll of teleportation {@r4}
 D - a scroll of enchant armour {unknown}
 H - 2 scrolls of torment {unknown}
 J - a scroll of identify {@r1}
Potions
 c - a potion of might
 e - 2 potions of heal wounds {@q2}
 f - 3 potions of invisibility
 h - 2 potions of brilliance {unknown}
 o - a potion of lignification {unknown}
 r - a potion of magic {unknown}
 x - a potion of degeneration {unknown}
 G - a potion of resistance {unknown}
 K - 2 potions of flight {unknown}

Dungeon Overview and Level Annotations

Branches:
Dungeon (5/15) Zot: 26701  Temple (1/1) D:4 Zot: 5666

Altars:
Ashenzari
Cheibriados
Fedhas
Gozag
Kikubaaqudgha
Nemelex Xobeh
Okawaru
Ru
Sif Muna
Trog
Uskayaw
Vehumet
Wu Jian

#.# ##.## .. #.# ... #####o# #.#
###.#.##...o.. #.#
.######...#....###o#
#.########........#####.o.....
####...PPP...#######...#..oo....o
.†....PPP.P#.## ###.#.#)####.#
####..PP_PP...########ooo#{####.#
##.PPPPP#....@..○§§○☼§.....#.#
#####..P.P.....####°○§.○°..##....
........#####..# #.###§°...g.##.
.####.#.# #.## #.# #.#####.#
#.#.#####.# #.# #.# ..
#.#.......# #.# #.# #?
#.####.#### #.# #.# #.# #.# #.#
#.. ..# #.#


You could see an orc wizard and an orc.


Message History

You scratch the orc priest.
The orc priest hits you but does no damage.
You hear some strange, mumbled words.
A puff of flame appears from out of thin air!
The puff of flame hits you.
You closely miss the orc priest. The orc priest misses you.
You hear some strange, mumbled words.
Something tries to affect you, but you resist.
You scratch the orc priest but do no damage.
The orc priest hits you with a +0 hand axe.
You are too injured to fight recklessly!
You closely miss the orc priest. You block the orc priest's attack.
Something hits you but does no damage.
You claw the orc priest!
You kill the orc priest!
The Council accepts your kill.
You hear some strange, mumbled words.
You are confused.
You have reached level 7!
You closely miss something.
You hear some strange, mumbled words.
A puff of flame appears from out of thin air!
The puff of flame hits you.
Danger!
Something hits you but does no damage.
You see here a +0 hand axe {axe}.
You bump into the rock wall.
The orc wizard casts a spell at you. The puff of flame hits you!
Something hits you but does no damage.
Unknown command.
You bump into the rock wall.
An orc comes into view. It is wielding a +0 club.
Something hits you but does no damage.
Unknown command.
You bump into the rock wall.
You feel less confused.
The orc shouts!
You block the orc wizard's attack. Something hits you but does no damage.
Unknown command.
Something hits you but does no damage.
The orc wizard attacks as you move away!
The orc wizard hits you but does no damage.
Unknown command.
You barely miss the orc wizard.
You scratch the orc wizard but do no damage.
The orc wizard casts a spell at you. You resist with some effort.
Unknown command.
You barely miss the orc wizard.
A gnoll comes into view. It is wielding a +0 spear.
The orc wizard hits you with a +0 dagger.
* * * LOW HITPOINT WARNING * * *
The orc wizard gestures wildly while chanting.
The orc wizard flickers and vanishes!
You claw the orc wizard!
You kill the orc wizard!
The Council accepts your kill.
You feel better.
You hear some strange, mumbled words.
You claw something! Something hits you but does no damage.
An orc comes into view. It is wielding a +0 dagger.
Unknown command.
The orc shouts!
You scratch something.
You hear some strange, mumbled words.
A magic dart appears from out of thin air!
The magic dart hits you.
* * * LOW HITPOINT WARNING * * *
Danger!
The air fills with toxic fumes!
As you read the scroll of poison, it crumbles to dust.
Something hits you but does no damage.
A magic dart appears from out of thin air!
The magic dart hits something.
Unknown command.
You hear some strange, mumbled words.
A puff of flame appears from out of thin air!
The puff of flame hits you.
* * * LOW HITPOINT WARNING * * *
The orc hits you with a +0 hand axe.
* * * LOW HITPOINT WARNING * * *
Unknown command.
The orc barely misses you. The orc attacks as you move away!
The orc closely misses you.
You hear some strange, mumbled words.
Something tries to affect you, but you resist.
Unknown command.
The orc attacks as you move away! The orc hits you with a +0 hand axe.
* * * LOW HITPOINT WARNING * * *
The orc attacks as you move away! The orc hits you but does no damage.
Unknown command.
An orc wizard appears from thin air!
Reactivating autopickup.
Danger!
The orc wizard gestures at you while chanting.
The puff of flame hits you!
* * * LOW HITPOINT WARNING * * *
The orc wizard casts a spell at you. The puff of flame hits you!
You die...

Skill      XL: |  1  2  3  4  5  6 |
---------------+-------------------+-----
Unarmed Combat | 3 4 5 6 7 |  7.3
Fighting       | 4 |  4.7
Armour         | |  2.6
Shields        | |  2.6

Action                     |  1- 3 |  4- 6 |  7- 9 || total
---------------------------+-------+-------+-------++-------
  Melee: Unarmed           |    75 |    67 |     7 ||   149
   Fire: Sling             |    37 |    43 |       ||    80
  Throw: Stone             |    12 |       |       ||    12
Ability: Lunge             |       |     1 |       ||     1
    Use: Scroll            |       |    12 |     1 ||    13
 Armour: Scale mail        |    22 |    24 |     9 ||    55
  Dodge: Dodged            |    29 |    15 |     2 ||    46
  Block: Buckler           |    17 |     7 |     1 ||    25

Levels and vault maps discovered:
D:1:      ncdulo_halloftheorcs, layout_basic, due_unseen_surprise
D:2:      layout_basic
D:3:      layout_rooms, tso_oasis_becter,
          hellmonk_ecumenical_altar_inner_sanctum
D:4:      layout_loops_ring, mainiacjoe_overflow_six_doors_small,
          minmay_temple_entry_wispy, hex_large
D:5:      layout_loops_ring, fedhas_altar_3, yredelemnul_forgotten_temple_becter
Temple:   oiseaux_autumnal_temple

Notes
Turn   | Place    | Note
-------+----------+-------------------------------------------
     0 | D:1      | Sobieck the Ghoul Fighter began the quest for the Orb.
     0 | D:1      | Reached XP level 1. HP: 19/19 MP: 0/0
    47 | D:1      | You add the spells Ozocubu's Armour and Ozocubu's
                  | Refrigeration to your library.
   181 | D:1      | Reached skill level 3 in Unarmed Combat
   181 | D:1      | Reached XP level 2. HP: 22/26 MP: 1/1
   346 | D:1      | Reached XP level 3. HP: 23/31 MP: 2/2
   660 | D:1      | Reached skill level 4 in Unarmed Combat
  1238 | D:2      | You pick up a book of Debilitation and begin reading...
  1238 | D:2      | You add the spells Slow, Vampiric Draining and Confusing
                  | Touch to your library.
  1328 | D:2      | Reached XP level 4. HP: 38/38 MP: 3/3
  1526 | D:3      | Reached skill level 5 in Unarmed Combat
  1827 | D:3      | Reached XP level 5. HP: 45/45 MP: 4/4
  1844 | D:3      | Found a faded altar of an unknown god.
  2177 | D:4      | Noticed an ogre
  2191 | D:4      | Killed an ogre
  2192 | D:4      | Reached skill level 6 in Unarmed Combat
  2416 | D:4      | Identified the +1 robe of Noon {rElec Dex+2}
  2495 | D:4      | Found a staircase to the Ecumenical Temple.
  2504 | Temple   | Entered the Ecumenical Temple
  2809 | Temple   | Became a worshipper of the Wu Jian Council
  3129 | D:4      | Found a hide-covered altar of Uskayaw.
  3198 | D:4      | Reached XP level 6. HP: 52/52 MP: 5/5
  3248 | D:5      | Entered Level 5 of the Dungeon
  3278 | D:4      | Reached skill level 4 in Fighting
  3434 | D:5      | Found a blossoming altar of Fedhas.
  3442 | D:5      | Reached skill level 7 in Unarmed Combat
  3527 | D:5      | Reached XP level 7. HP: 44/60 MP: 6/6
  3548 | D:5      | HP: 7/60 [orc wizard/puff of flame (10)]
  3549 | D:5      | Killed from afar by an orc wizard

Vanquished Creatures
  An ogre (D:4)
  A phantom (D:4)
  2 scorpions
  An orc priest (D:5)
  An orc wizard (D:5)
  A gnoll (D:1)
  6 adders
  2 worms
  2 dart slugs
  An orc (D:3)
  7 ball pythons
  3 endoplasms (D:3)
  7 hobgoblins
  5 kobolds
  4 quokkas
  2 bats
  4 frilled lizards
  5 goblins
  4 rats
59 creatures vanquished.

Table legend:
 A = Non-vault XP
 B = Vault XP
 C = Vault XP percentage of total XP
 D = Non-vault monster count
 E = Vault monster count
 F = Vault count percentage of total count
                 A         B        C        D         E       F
            +---------+---------+-------+---------+---------+-------
      Total |     663 |       0 |   0.0 |      59 |       0 |   0.0
            +---------+---------+-------+---------+---------+-------
        D:1 |      50 |       0 |   0.0 |      21 |       0 |   0.0
        D:2 |      34 |       0 |   0.0 |      10 |       0 |   0.0
        D:3 |      83 |       0 |   0.0 |      19 |       0 |   0.0
        D:4 |     319 |       0 |   0.0 |       5 |       0 |   0.0
        D:5 |     177 |       0 |   0.0 |       4 |       0 |   0.0
            +---------+---------+-------+---------+---------+-------

Illustrated notes

Table legend:
 A = Kills in this place as a percentage of kills in the entire game.
 B = Kills by you in this place as a percentage of kills by you in the entire game.
 C = Kills by friends in this place as a percentage of kills by friends in the entire game.
 D = Other kills in this place as a percentage of other kills in the entire game.
 E = Experience gained in this place as a percentage of experience gained in the entire game.
 F = Experience gained in this place divided by the number of levels of this place that you have seen.
                   A       B       C       D       E      F
               +-------+-------+-------+-------+-------+----------------------
         Total | 100.0 | 100.0 |   N/A |   N/A | 100.0 | 110.5
       Dungeon | 100.0 | 100.0 |   N/A |   N/A | 100.0 | 132.6
               +-------+-------+-------+-------+-------+----------------------

Table legend: (Time is in decaauts)
 A = Elapsed time spent in this place.
 B = Non-inter-level travel time spent in this place.
 C = Inter-level travel time spent in this place.
 D = Time resting spent in this place.
 E = Time spent auto-exploring this place.
 F = Levels seen in this place.
 G = Mean time per level.
                   A        B        C        D        E       F      G
               +--------+--------+--------+--------+--------+-----+--------+
         Total |   3569 |   3363 |    206 |    299 |   2456 |   6 |  594.8 |
       Dungeon |   3236 |   3046 |    190 |    299 |   2172 |   5 |  647.2 |
        Temple |    333 |    317 |     16 |      0 |    284 |   1 |  333.0 |
               +--------+--------+--------+--------+--------+-----+--------+

Top non-repeatable levels by time:
     D:1: 839 daAuts
     D:4: 820 daAuts
     D:3: 762 daAuts
     D:2: 661 daAuts
  Temple: 333 daAuts
     D:5: 153 daAuts
